 Dungeon Crawl Stone Soup version 0.22.0-27-ga576289 (webtiles) character file.

63 Monsterracer the Ruffian (level 3, -4/33 HPs)
             Began as a Troll Enchanter on Aug 21, 2018.
             Slain by a gnoll
             ... wielding a +0 whip
              (8 damage)
             ... on level 2 of the Dungeon.
             The game lasted 00:00:56 (832 turns).

Monsterracer the Ruffian (Troll Enchanter)           Turns: 832, Time: 00:00:58

Health: -4/33      AC:  5    Str: 16    XL:     3   Next: 89%
Magic:  3/3        EV: 10    Int: 11    God:
Gold:   62         SH:  0    Dex: 11    Spells: 3/4 levels left

rFire    . . .     SeeInvis .     - Unarmed
rCold    . . .     Gourm    +   (no shield)
rNeg     . . .     Faith    .   b - +0 robe
rPois    .         Spirit   .   (helmet restricted)
rElec    .         Reflect  .   (no cloak)
rCorr    .         Harm     .   (gloves unavailable)
MR       .....                  (boots unavailable)
Stlth    ++........             i - amulet of magic regeneration
HPRegen  0.51/turn              (no ring)
MPRegen  0.33/turn              (no ring)

@: no status effects
A: large, unfitting armour, claws 3, fast metabolism 3, gourmand, regeneration
1, shaggy fur 1, tough skin 2
a: no special abilities


You were on level 2 of the Dungeon.
You were completely stuffed.

You visited 1 branch of the dungeon, and saw 2 of its levels.

You collected 62 gold pieces.

Inventory:

Armour
 b - a +0 robe (worn)
Jewellery
 i - an amulet of magic regeneration (around neck)
Scrolls
 a - a scroll of identify {unknown}
 f - a scroll of remove curse {unknown}
 g - a scroll of teleportation {unknown}
 l - a scroll of enchant armour {unknown}
Potions
 d - 2 potions of mutation {unknown}
 e - 3 potions of curing {unknown}
 h - a potion of berserk rage {unknown}
 j - a potion of ambrosia {unknown}
Comestibles
 c - 4 rations
 k - a chunk of flesh


   Skills:
 + Level 1.4 Fighting
   Level 0.7 Short Blades
 - Level 1.5 Dodging
 - Level 1.5 Stealth
 * Level 2.9 Unarmed Combat
 - Level 1.2 Spellcasting
 - Level 2.0 Hexes


You had 3 spell levels left.
You knew the following spells:

 Your Spells              Type           Power        Failure   Level  Hunger
a - Corona                Hex            #......      14%         1    ##.....

Your spell library contained the following spells:

 Spells                   Type           Power        Failure   Level  Hunger
 Ensorcelled Hibernation  Hex/Ice        #.....       32%         2    ###....
 Confuse                  Hex            #.......     38%         3    ####...
 Tukima's Dance           Hex            #.......     38%         3    ####...
 Dazzling Spray           Conj/Hex       #.....       54%         3    ####...


Dungeon Overview and Level Annotations

Branches:
Dungeon (2/15)

Altars:


Innate Abilities, Weirdness & Mutations

You are too large for most types of armour.
You have claws for hands.
Your metabolism is lightning-fast.
You like to eat raw meat.
Your natural rate of healing is unusually fast.
You are covered in fur. (AC +1)
You have very tough skin. (AC +2)


Message History

A worm is nearby!
You claw the worm!
You kill the worm!
No target in view!
Unknown command.
No target in view!
No target in view!
You butcher the worm corpse.
k - 3 chunks of flesh Eating one of 3 chunks of flesh.
You eat one of the 3 chunks of flesh.
This raw flesh tastes great.
l - a scroll labeled MOTWAY USOCS No target in view!
You open the door.
A bat comes into view.
There is an open door here.
A bat is nearby!
The helpless bat fails to defend itself.
You claw the bat!
You kill the bat!
No target in view!
Eating one of 2 chunks of flesh.
You eat one of the 2 chunks of flesh.
This raw flesh tastes great.
Found a stone staircase leading down.
No target in view!
Found 16 sling bullets.
No target in view!
Found a stone staircase leading down.
No target in view!
No target in view!
You see here 16 sling bullets.
A rat comes into view.
A rat is nearby!
The rat misses you.
A rat is nearby!
You claw the rat!
You kill the rat!
You see here a rat corpse. 3 gnolls come into view.
The gnoll shouts!
A gnoll comes into view. It is wielding a whip.
The gnoll shouts! x3
There are monsters nearby!
The gnoll hits you with a halberd! The gnoll barely misses you.
You take 10 damage, and have 23/33 hp.
MASSIVE DAMAGE!!
There are monsters nearby!
You are too injured to fight recklessly!
You are too injured to fight recklessly!
You scratch the gnoll.
The gnoll is lightly wounded.
The gnoll barely misses you. The gnoll hits you with a halberd.
You take 3 damage, and have 21/33 hp.
The gnoll barely misses you.
You see here a rat corpse.
You see here 16 sling bullets.
There is a stone staircase leading down here.
There is a stone staircase leading up here.
The gnoll misses you. The gnoll barely misses you.
There is a stone staircase leading up here.
Health restored: 33 The gnoll hits you with a halberd!
The gnoll closely misses you.
You climb upwards.
There is a stone staircase leading down here.
You take 9 damage, and have 24/33 hp.
MASSIVE DAMAGE!!
You are too injured to fight recklessly!
You are too injured to fight recklessly!
You claw the gnoll!
You kill the gnoll!
You see here a halberd.
There is a stone staircase leading down here.
You start resting.
HP restored.
Health restored: 33 You climb downwards.
The gnoll hits you with a whip. The gnoll barely misses you.
There is a stone staircase leading up here.
You take 2 damage, and have 31/33 hp.
You barely miss the gnoll. The gnoll hits you with a whip.
The gnoll hits you with a halberd.
You take 4 damage, and have 27/33 hp.
You scratch the gnoll.
The gnoll is moderately wounded.
The gnoll hits you but does no damage. The gnoll hits you with a halberd!
* * * LOW HITPOINT WARNING * * *
You take 12 damage, and have 15/33 hp.
MASSIVE DAMAGE!!
You claw the gnoll!
You kill the gnoll!
The gnoll hits you with a whip!
* * * LOW HITPOINT WARNING * * *
The gnoll completely misses you.
You take 6 damage, and have 9/33 hp.
You scratch the gnoll.
The gnoll is heavily wounded.
The gnoll hits you with a whip.
* * * LOW HITPOINT WARNING * * *
The gnoll barely misses you.
You take 6 damage, and have 3/33 hp.
The gnoll hits you with a whip!
You die...

.g####### #.. gg.g....# #.#
.######.# #.# #############
.# #g# #.# #.....<.....# g#
####.# #.# #...........#
..##...g###.# #...........#
..##.......># #...........#
...#....##..####g..........#
...#....##.....g@..........#
...#....##..#########'######
#..#....##.##########.#
#....##.##.........#
#....##.##.#########
#....##.##.#
#.....#.##.#######.#
#.##.#.......#
#.##.#.#######


You could see 2 gnolls.

Vanquished Creatures
  2 gnolls
  An ooze (D:1)
  A worm (D:2)
  2 dart slugs (D:1)
  2 giant cockroaches (D:1)
  A goblin (D:1)
  4 hobgoblins (D:1)
  4 jackals (D:1)
  3 bats
  7 kobolds (D:1)
  4 rats
31 creatures vanquished.

Notes
Turn   | Place    | Note
-------+----------+-------------------------------------------
     0 | D:1      | Monsterracer the Troll Enchanter began the quest for the Orb.
     0 | D:1      | Reached XP level 1. HP: 16/16 MP: 1/1
   119 | D:1      | Reached skill level 1 in Unarmed Combat
   194 | D:1      | Reached XP level 2. HP: 26/26 MP: 2/2
   379 | D:1      | Reached skill level 1 in Fighting
   540 | D:1      | Reached XP level 3. HP: 30/33 MP: 3/3
   829 | D:2      | HP: 15/33 [gnoll/halberd (12)]
   831 | D:2      | HP: 3/33 [gnoll/whip (6)]
   832 | D:2      | Slain by a gnoll

Skill      XL: |  1  2 |
---------------+-------+-----
Unarmed Combat | 1 2 |  2.9
Fighting       | 1 |  1.4
Short Blades   | |  0.7
Dodging        | |  1.5
Stealth        | |  1.5
Spellcasting   | |  1.2
Hexes          | |  2.0

Action                   || total
-------------------------++-------
Melee: Unarmed           ||   106
       Punch             ||     1
 Stab: Sleeping          ||     2
  Eat: Chunk             ||    13
Armor: Robe              ||    32
Dodge: Dodged            ||    47

Vault maps used:
D:1:      dpeg_arrival_pond, item_on_display_b
D:2:      minmay_hedge_maze, uniq_natasha
